Map: [ESL] Glittering Ashes

Players

Dream - Winner!

  • Race: Terran Terran

Cure

  • Race: Terran Terran

Event: IEM Katowice 2022

VOD

https://www.youtube.com/watch?v=WZqJLdII-ZQ

Description

Time

  • Played on: Feb. 24, 2022, 9:52 a.m.
  • Length: 12:24

All games in this series

Show
View Real Time Build Order
Export as new Build Order

Dream Terran - Winner!

Build Orders:  

Get SALT Encoding   

  12  0:00  SCV  
  14  0:16  Supply Depot  
  14  0:20  SCV  
  14  0:38  Barracks  
  14  0:41  Refinery  
  14  0:54  Barracks  
  14  0:59  SCV  
  15  1:11  SCV  
  16  1:25  Orbital Command, Reaper  
  17  1:32  Refinery  
  17  1:42  Reaper  
  18  1:50  SCV  
  19  1:58  Reaper  
  20  2:02  SCV  
  20  2:15  SCV  
  21  2:16  Reaper  
  22  2:27  SCV  
  23  2:31  Factory  
  23  2:41  Supply Depot  
  23  3:02  SCV, Reaper x2  
  24  3:14  Factory Tech Lab  
  24  3:15  SCV  
  24  3:18  Command Center  
  25  3:28  SCV  
  25  3:29  Starport  
  26  3:39  Cyclone  
  26  3:40  SCV  
  30  3:50  Supply Depot  
  30  3:53  SCV  
  31  4:09  Starport Tech Lab  
  31  4:11  SCV  
  31  4:16  Cyclone  
  35  4:23  SCV, Supply Depot  
  36  4:30  Refinery, Raven  
  38  4:36  SCV  
  35  4:47  Orbital Command  
  35  4:49  SCV  
  35  4:50  Siege Tank  
  36  4:59  Marine  
  37  5:01  SCV  
  37  5:03  Barracks Reactor  
  38  5:13  SCV x2  
  40  5:24  Raven  
  40  5:25  SCV x2  
  44  5:29  Command Center  
  44  5:37  SCV x2  
  44  5:39  Refinery, Marine  
  44  5:41  Siege Tank  
  50  5:47  Marine  
  50  5:49  SCV x2  
  53  5:55  Supply Depot  
  53  5:58  Marine  
  53  6:01  SCV x2  
  56  6:05  Marine  
  56  6:07  Raven  
  59  6:13  SCV x2, Supply Depot x2  
  59  6:17  Siege Tank  
  64  6:22  Marine x2  
  66  6:25  SCV, Supply Depot  
  66  6:26  SCV  
  68  6:38  SCV x2  
  70  6:42  Orbital Command  
  70  6:44  Barracks  
  70  6:50  Siege Tank, SCV x2  
  75  6:54  Marine, Stimpack  
  75  6:59  Barracks  
  76  7:02  SCV x2  
  76  7:03  Viking  
  76  7:04  Viking  
  82  7:12  Marine  
  82  7:14  SCV x2  
  85  7:17  Engineering Bay  
  85  7:18  Engineering Bay  
  85  7:22  Orbital Command  
  84  7:23  Siege Tank  
  84  7:26  SCV  
  84  7:27  SCV  
  89  7:30  Marine  
  90  7:37  Barracks Reactor  
  90  7:38  Viking x2  
  90  7:40  SCV x2  
  96  7:44  Terran Infantry Armor Level 1, Terran Infantry Weapons Level 1  
  96  7:47  Refinery  
  96  7:48  SCV  
  97  7:52  SCV x2  
  97  7:56  Barracks Reactor, Refinery, Marine  
  100  8:01  SCV  
  100  8:04  SCV x2  
  102  8:09  Siege Tank  
  105  8:13  SCV  
  105  8:14  Marine, Viking  
  105  8:18  Supply Depot  
  109  8:23  Supply Depot  
  109  8:28  Supply Depot  
  109  8:39  Barracks x2  
  109  8:40  Armory, SCV x2, Combat Shield, Viking  
  114  8:41  Supply Depot  
  114  8:43  Supply Depot  
  114  8:44  Medivac  
  114  8:46  Siege Tank  
  119  8:50  Marine x4  
  119  8:51  Marine  
  123  9:02  Supply Depot  
  123  9:08  Sensor Tower, Marine x4  
  123  9:09  Marine  
  128  9:10  Supply Depot  
  128  9:11  Supply Depot, Viking  
  128  9:14  Viking  
  132  9:18  Siege Tank  
  135  9:25  Marine  
  135  9:26  Marine x3  
  135  9:27  Barracks Reactor  
  135  9:28  Barracks Reactor  
  135  9:30  Marine  
  140  9:32  Factory  
  140  9:38  Command Center  
  140  9:43  Marine x2  
  142  9:48  Terran Infantry Armor Level 2, Terran Infantry Weapons Level 2  
  142  9:50  Siege Tank  
  142  9:52  Marine x3  
  145  9:57  Terran Vehicle Weapons Level 1  
  148  10:00  Supply Depot  
  148  10:02  Marine  
  148  10:04  Marine  
  148  10:07  Marine x2  
  149  10:12  Marine  
  151  10:14  Marine  
  151  10:21  Marine  
  153  10:23  Marine  
  153  10:26  Marine  
  153  10:27  Marine x3  
  158  10:29  Siege Tank  
  154  10:39  Marine  
  154  10:40  Marine  
  154  10:41  Marine x2  
  147  10:43  Viking x2  
  147  10:44  Marine  
  152  10:50  Marine x3  
  155  10:57  Marine  
  155  10:58  Supply Depot, Marine  
  155  11:02  Marine x3  
  160  11:07  Siege Tank x2, Marine x2  
  160  11:09  Barracks Reactor  
  165  11:14  Marine, Medivac x2  
  165  11:17  Marine  
  171  11:20  Marine  
  171  11:23  Marine  
  162  11:26  Marine  
  162  11:30  Marine x2  
  162  11:31  Marine  
  159  11:34  Marine  
  159  11:38  Planetary Fortress  
  159  11:39  Siege Tank x2  
  164  11:43  SCV x3  
  167  11:49  Marine x2  
  167  11:52  Marine x2  
  169  11:55  Marine x3  
  169  11:56  Marine  
  170  12:01  Marine  
Show
View Real Time Build Order
Export as new Build Order

Cure Terran 

Build Orders:  

Get SALT Encoding   

  12  0:00  SCV  
  13  0:12  SCV  
  14  0:17  Supply Depot  
  14  0:24  SCV  
  15  0:38  SCV  
  15  0:39  Barracks  
  15  0:42  Refinery  
  16  0:50  SCV  
  16  0:52  Refinery  
  17  1:03  SCV  
  18  1:15  SCV  
  19  1:26  Reaper  
  19  1:27  Orbital Command  
  19  1:31  Supply Depot  
  20  1:42  Factory  
  20  1:53  SCV  
  21  1:58  Marine  
  22  2:05  SCV  
  21  2:16  Marine  
  21  2:17  SCV  
  22  2:29  Hellion  
  22  2:33  SCV  
  22  2:34  Marine  
  21  2:48  SCV  
  21  2:50  Hellion  
  24  2:51  Marine  
  22  3:00  SCV  
  21  3:12  SCV  
  22  3:14  Marine  
  23  3:24  Hellion, SCV  
  26  3:34  Barracks Tech Lab  
  26  3:36  SCV  
  27  3:48  SCV  
  27  3:49  Supply Depot  
  28  3:57  Cyclone  
  31  4:05  SCV  
  31  4:06  Barracks Reactor  
  31  4:17  SCV  
  31  4:21  Command Center  
  32  4:29  SCV  
  33  4:33  Cyclone  
  34  4:41  SCV  
  34  4:44  Marine x2  
  35  4:52  Supply Depot  
  35  4:53  SCV  
  36  5:02  Marine x2  
  36  5:06  SCV  
  39  5:13  Siege Tank  
  42  5:18  SCV  
  42  5:21  Marine x2  
  42  5:25  Starport  
  44  5:30  SCV  
  44  5:34  Orbital Command  
  43  5:41  Marine x2  
  45  5:43  SCV  
  45  5:49  Refinery  
  46  5:55  SCV  
  47  6:05  Factory Tech Lab  
  47  6:06  SCV  
  47  6:07  SCV  
  49  6:14  Raven  
  51  6:19  SCV  
  51  6:20  SCV  
  51  6:21  Command Center  
  53  6:27  Siege Tank  
  53  6:31  SCV  
  53  6:32  SCV  
  58  6:34  Supply Depot  
  58  6:36  Marine  
  58  6:37  Marine  
  60  6:43  Supply Depot  
  60  6:44  SCV  
  60  6:45  SCV  
  62  6:53  Refinery  
  62  6:56  SCV  
  62  6:57  SCV  
  62  6:58  Raven  
  66  7:03  Marine x2  
  68  7:08  SCV, Supply Depot  
  68  7:09  SCV  
  68  7:10  Siege Tank  
  72  7:20  SCV  
  72  7:21  SCV  
  74  7:32  SCV  
  74  7:33  SCV  
  74  7:34  Marine x2  
  78  7:41  Raven  
  74  7:44  SCV  
  74  7:45  SCV  
  74  7:47  Siege Tank  
  76  7:53  Marine x2  
  76  7:57  SCV  
  76  7:58  SCV  
  76  7:59  Orbital Command  
  72  8:09  SCV  
  72  8:10  SCV  
  77  8:20  Siege Tank  
  77  8:21  SCV  
  77  8:22  SCV  
  76  8:29  SCV  
  76  8:32  Viking x2  
  76  8:33  SCV, Marine  
  83  8:34  SCV  
  83  8:40  Engineering Bay  
  84  8:41  SCV  
  84  8:42  Engineering Bay  
  84  8:45  SCV, Stimpack  
  84  8:46  SCV  
  87  8:53  SCV  
  89  8:56  Siege Tank  
  89  8:57  SCV  
  89  8:58  SCV  
  89  9:01  Supply Depot  
  94  9:05  SCV  
  94  9:08  Viking  
  94  9:09  SCV, Viking  
  99  9:10  SCV  
  99  9:13  Missile Turret  
  100  9:17  SCV  
  100  9:20  Refinery x2  
  100  9:22  SCV x2  
  103  9:24  Supply Depot  
  103  9:29  SCV  
  103  9:30  Siege Tank, Sensor Tower  
  107  9:34  SCV x2  
  109  9:42  SCV  
  108  9:45  Terran Infantry Armor Level 1  
  108  9:46  Marine  
  108  9:47  SCV x2  
  109  9:54  SCV  
  109  9:56  Viking  
  109  9:57  Viking  
  109  9:59  SCV x2  
  116  10:06  SCV  
  117  10:09  Barracks  
  117  10:10  Barracks  
  117  10:16  SCV  
  117  10:21  Supply Depot  
  117  10:23  Supply Depot  
  117  10:28  SCV x2, Marine, Combat Shield  
  117  10:32  Siege Tank  
  113  10:37  SCV  
  113  10:40  SCV  
  107  10:46  Marine  
  107  10:47  Viking x2  
  107  10:49  SCV  
  108  10:52  SCV  
  107  10:58  Barracks  
  107  10:59  Barracks Reactor, Barracks  
  107  11:00  Barracks Reactor  
  107  11:01  SCV  
  107  11:03  Marine  
  109  11:04  Siege Tank, SCV  
  113  11:13  SCV  
  113  11:16  SCV  
  115  11:21  Marine  
  115  11:22  Liberator  
  115  11:24  Supply Depot, Liberator  
  111  11:26  SCV, Supply Depot  
  102  11:36  Siege Tank  
  102  11:38  SCV x2  
  102  11:39  Marine  
  105  11:43  Marine x2  
  105  11:44  Marine x2  
  109  11:50  SCV  
  104  11:55  Barracks Reactor  
  104  11:56  Barracks Reactor  

Tags
 
Add a new tag
Caveats
  • Supply blocks, unpowered buildings, or Contaminate may cause inaccurate times.
  • Supply counts are checked every 10 seconds.